Map: New Repugnancy LE

Players

MiNatO - Winner!

  • Race: Protoss Protoss
  • League: Master
  • Spawn Location: 7:00

Mez

  • Race: Terran Terran
  • League: Master
  • Spawn Location: 1:00

VOD

Have the link to the VOD?

Description

Time

  • Played on: Aug. 6, 2019, 1:59 p.m.
  • Length: 19:54
Show
View Real Time Build Order
Export as new Build Order

MiNatO Protoss - Winner!

Build Orders: 1 Gate Expand, Blink Stalkers, Carriers 

Get SALT Encoding   

  12  0:00  Probe  
  13  0:13  Probe  
  14  0:17  Pylon  
  14  0:25  Probe  
  15  0:34  Probe  
  15  0:35  Gateway  
  16  0:42  Probe  
  17  0:52  Assimilator, Probe  
  18  1:05  Probe  
  19  1:17  Probe  
  20  1:29  Nexus  
  20  1:38  Cybernetics Core  
  20  1:42  Probe  
  21  1:47  Assimilator  
  21  1:54  Probe  
  21  2:00  Pylon  
  22  2:06  Probe  
  23  2:09  Stalker  
  23  2:16  Warp Gate  
  23  2:18  Probe  
  26  2:28  Twilight Council  
  26  2:30  Probe  
  27  2:39  Probe  
  27  2:40  Stalker, Probe  
  31  2:48  Probe x2  
  31  2:56  Probe  
  33  3:04  Probe  
  33  3:05  Blink  
  35  3:09  Probe  
  36  3:16  Probe  
  37  3:21  Stalker  
  37  3:24  Assimilator  
  37  3:25  Probe  
  37  3:26  Pylon  
  40  3:28  Probe  
  41  3:37  Probe  
  41  3:40  Probe  
  43  3:47  Gateway  
  43  3:48  Gateway  
  43  3:49  Probe  
  43  3:53  Probe  
  45  4:01  Probe  
  45  4:05  Probe  
  44  4:13  Probe  
  44  4:15  Stalker  
  47  4:17  Probe  
  47  4:21  Shield Battery  
  48  4:25  Robotics Facility  
  48  4:28  Pylon  
  48  4:30  Assimilator  
  48  4:37  Stalker  
  50  4:39  Probe  
  50  4:42  Stalker  
  52  4:50  Stalker  
  48  4:54  Probe  
  49  5:02  Probe  
  49  5:03  Warp Prism  
  49  5:04  Stalker x2  
  54  5:10  Probe  
  57  5:17  Robotics Bay  
  57  5:18  Probe  
  58  5:22  Probe  
  58  5:24  Pylon  
  58  5:28  Stalker  
  61  5:35  Probe  
  62  5:42  Observer  
  63  5:51  Probe  
  63  5:54  Probe, Nexus  
  65  5:57  Pylon  
  65  6:01  Pylon  
  65  6:04  Probe  
  66  6:06  Probe, Colossus  
  67  6:16  Probe  
  68  6:18  Probe  
  68  6:25  Extended Thermal Lance  
  75  6:28  Probe  
  75  6:30  Probe  
  75  6:31  Gateway  
  75  6:32  Gateway  
  77  6:39  Stalker, Pylon  
  79  6:43  Probe  
  79  6:46  Sentry x2  
  82  6:48  Probe  
  82  6:49  Colossus  
  83  6:55  Probe  
  84  7:04  Sentry  
  90  7:09  Sentry  
  90  7:10  Sentry  
  90  7:11  Probe  
  95  7:17  Probe  
  94  7:26  Stalker x2  
  98  7:32  Probe x3  
  98  7:33  Assimilator, Forge  
  98  7:35  Zealot, Forge  
  103  7:37  Assimilator  
  103  7:40  Sentry x2  
  103  7:44  Probe x2  
  109  7:47  Templar Archives  
  109  7:51  Protoss Ground Armor Level 1, Protoss Ground Weapons Level 1  
  109  7:57  Pylon  
  109  7:58  Pylon  
  109  8:01  Pylon  
  109  8:15  Probe x2, Colossus  
  109  8:16  Probe  
  109  8:18  Zealot x3  
  109  8:19  Zealot x2  
  128  8:28  Probe  
  129  8:40  Zealot x4  
  131  8:45  Sentry  
  133  8:54  Psionic Storm  
  133  8:55  Charge  
  129  9:06  Zealot x2  
  129  9:07  Zealot x2  
  129  9:08  Colossus  
  129  9:29  Probe x3  
  132  9:36  Pylon  
  132  9:37  Nexus, Pylon x2  
  132  9:38  Pylon  
  132  9:41  Probe  
  132  9:42  Pylon  
  133  9:45  Stargate  
  133  9:48  Stargate x2  
  133  9:52  Gateway x2  
  133  9:54  Probe, Assimilator  
  133  9:55  Protoss Ground Weapons Level 2, Gateway  
  133  9:56  High Templar x4  
  133  9:57  High Templar, Assimilator  
  144  10:07  Probe  
  144  10:11  Colossus  
  151  10:15  Probe  
  150  10:29  Pylon  
  150  10:30  Zealot x4  
  150  10:31  Zealot  
  150  10:34  Photon Cannon  
  160  10:36  Protoss Shields Level 1  
  160  10:40  Photon Cannon x2  
  160  10:41  Shield Battery  
  160  10:45  Shield Battery  
  160  10:49  Shield Battery  
  160  10:51  Probe  
  161  10:59  Fleet Beacon  
  161  11:12  Zealot x4  
  161  11:13  Zealot x2  
  161  11:16  High Templar  
  161  11:17  High Templar  
  177  11:19  Probe  
  177  11:22  Probe  
  175  11:39  Archon x2  
  147  11:46  Colossus  
  129  11:51  Carrier x3  
  103  11:58  Zealot x4  
  103  11:59  Zealot x3  
  133  12:14  Zealot  
  131  12:21  High Templar x3  
  137  12:22  Protoss Air Weapons Level 1  
  137  12:23  Zealot x4, Protoss Ground Weapons Level 3  
  145  12:36  Colossus  
  145  12:39  High Templar  
  145  12:43  Nexus  
  153  12:46  Pylon  
  153  12:48  Zealot  
  153  12:49  Zealot x3, Tempest  
  166  12:59  Tempest  
  166  13:05  Tempest  
  175  13:22  Zealot x2  
  175  13:24  Probe x2  
  175  13:26  Probe  
  182  13:27  Probe  
  182  13:29  Void Ray  
  182  13:30  Assimilator  
  182  13:31  Protoss Ground Armor Level 2, Mothership  
  187  13:35  Assimilator  
  195  13:44  Probe  
  196  13:58  Pylon  
  196  13:59  Pylon  
  196  14:00  Pylon  
  196  14:12  Gateway  
  196  14:15  Gateway  
  196  14:22  Protoss Air Armor Level 1  
  191  14:55  Stalker x4  
  197  15:12  Zealot  
  199  15:19  Protoss Shields Level 2  
  186  16:01  Carrier  
  186  16:02  Zealot x6, Carrier  
  174  16:04  Carrier  
  168  16:17  Colossus  
  168  16:28  High Templar x3  
  168  16:29  High Templar x6  
  186  16:43  Nexus  
  186  16:48  Carrier  
  186  16:49  Carrier, Assimilator  
  186  16:50  Assimilator  
  186  17:06  Pylon  
  186  17:07  Probe, Pylon  
  199  17:11  Pylon x2  
  199  17:12  Pylon  
  193  17:21  Colossus  
  193  17:22  Pylon  
  191  17:26  Carrier  
  197  17:34  Zealot  
  199  17:52  Photon Cannon  
  199  17:53  Photon Cannon  
  199  17:57  Photon Cannon  
  199  17:59  Photon Cannon  
  199  18:01  Photon Cannon  
  199  18:03  Photon Cannon  
  199  18:07  Photon Cannon  
  199  18:08  Photon Cannon  
  199  18:10  Photon Cannon  
  199  18:12  Photon Cannon  
  199  18:14  Gateway  
  199  18:15  Gateway  
  199  18:17  Photon Cannon  
  199  18:19  Photon Cannon  
  199  18:21  Gateway  
  199  18:22  Shield Battery, Gateway  
  199  18:25  Shield Battery  
  199  18:27  Shield Battery  
  199  18:32  Robotics Facility x2  
  199  18:33  Robotics Facility, Shield Battery  
  199  18:36  Shield Battery  
  199  18:39  Stargate  
  199  18:42  Stargate  
  199  19:03  Archon  
  189  19:12  Zealot x3  
  189  19:13  Zealot x4  
  189  19:14  Zealot x4  
  189  19:15  Zealot x2  
Show
View Real Time Build Order
Export as new Build Order

Mez Terran 

Build Orders: Reaper Expand 

Get SALT Encoding   

  12  0:00  SCV  
  13  0:13  SCV  
  14  0:17  Supply Depot  
  14  0:25  SCV  
  15  0:39  SCV  
  15  0:42  Barracks  
  16  0:49  Refinery  
  16  0:51  SCV  
  17  1:03  SCV  
  18  1:16  SCV  
  19  1:31  Reaper  
  19  1:32  Orbital Command  
  20  1:43  Command Center  
  20  1:55  Barracks  
  20  1:58  SCV  
  21  2:03  Barracks Reactor  
  21  2:10  SCV  
  21  2:12  Barracks  
  22  2:20  Supply Depot  
  22  2:22  SCV  
  23  2:41  SCV  
  24  2:46  Marine x2  
  24  2:47  Barracks Tech Lab  
  26  2:56  Orbital Command  
  26  2:58  SCV  
  27  3:00  Marine  
  28  3:06  Marine x2  
  28  3:07  Concussive Shells, Marauder  
  28  3:10  SCV  
  33  3:20  Marine  
  33  3:22  SCV  
  33  3:23  SCV, Marine  
  33  3:26  Supply Depot  
  37  3:30  Marine, Marauder  
  40  3:38  Marine  
  41  3:42  SCV x2  
  41  3:46  Supply Depot  
  43  4:00  Marine x4  
  43  4:18  SCV x2  
  43  4:20  Stimpack  
  43  4:23  Refinery  
  45  4:24  Factory, Refinery  
  45  4:26  Command Center  
  45  4:30  SCV x2  
  47  4:34  Barracks Tech Lab  
  47  4:35  Marine, Marauder  
  47  4:36  Barracks  
  47  4:37  Barracks  
  50  4:42  SCV x2  
  52  4:52  Marine x2  
  52  4:54  SCV x2  
  52  4:57  Bunker  
  48  5:03  Marine x2  
  48  5:06  SCV x2  
  52  5:09  Factory Reactor  
  52  5:10  Starport  
  52  5:14  Refinery  
  52  5:18  Marine x2  
  52  5:19  SCV x2  
  56  5:26  Bunker  
  56  5:30  Barracks Reactor, Barracks Tech Lab  
  56  5:32  Marauder  
  56  5:35  Combat Shield  
  58  5:37  Marauder  
  58  5:38  SCV x2  
  58  5:41  Orbital Command  
  62  5:46  Marine x2  
  64  5:50  SCV x2  
  64  5:52  Marine  
  64  5:55  Medivac x2  
  71  6:03  SCV x2  
  73  6:05  Marauder x2  
  73  6:09  Supply Depot  
  77  6:11  Marine x2  
  77  6:15  SCV  
  79  6:20  Supply Depot  
  79  6:21  Orbital Command, Supply Depot x2  
  79  6:30  Marine  
  79  6:31  SCV, Marauder x2  
  85  6:41  Marine x2, Medivac  
  85  6:42  Marauder  
  85  6:44  Marine  
  92  6:48  Marine, Medivac  
  92  6:52  Marauder x2  
  97  6:55  SCV x2  
  97  6:59  Marine x2  
  101  7:03  Engineering Bay, Marauder  
  101  7:06  Marine x2  
  100  7:21  Marine x2, Marauder x2  
  93  7:25  Marine x2  
  93  7:28  SCV x3  
  93  7:29  Engineering Bay  
  96  7:40  SCV x3  
  96  7:42  Viking x2  
  103  7:48  Terran Infantry Weapons Level 1  
  103  7:49  Marine, Marauder x2  
  103  7:50  Marine  
  109  8:12  Marine  
  109  8:13  Marine  
  109  8:22  Terran Infantry Armor Level 1, Supply Depot  
  109  8:23  Starport, Supply Depot  
  109  8:24  Factory Reactor, Supply Depot  
  109  8:26  SCV  
  109  8:29  Viking  
  109  8:34  SCV  
  109  8:35  Marauder  
  109  8:36  Marine  
  109  8:37  Viking, SCV  
  109  8:39  Marauder  
  109  8:41  Marine x3, Marauder  
  105  8:46  SCV  
  107  8:49  SCV  
  107  8:53  Marine  
  107  8:57  Marauder  
  107  8:59  Viking, Marine  
  107  9:01  Marauder  
  113  9:07  Orbital Command  
  96  9:11  Marine x2  
  96  9:12  Marine, Marauder  
  99  9:18  Marauder  
  101  9:24  Marine  
  101  9:25  Marauder  
  101  9:29  Viking x2, Marine  
  109  9:32  SCV x3  
  112  9:44  SCV  
  113  9:45  Supply Depot x2  
  113  9:46  Armory, Marauder  
  113  9:48  Command Center  
  115  9:59  Marine x4, Marauder x2  
  122  10:03  SCV  
  122  10:04  SCV x2  
  126  10:13  Ghost Academy  
  126  10:16  SCV x3  
  126  10:17  Supply Depot  
  129  10:25  Liberator x2  
  129  10:26  Liberator  
  129  10:28  SCV x2  
  129  10:31  Marine x3, Marauder x3  
  140  10:36  Refinery  
  140  10:37  Refinery  
  140  10:38  Liberator  
  140  10:39  SCV  
  140  10:40  SCV x2  
  153  10:57  SCV x2  
  153  11:00  Supply Depot  
  154  11:04  Supply Depot  
  154  11:08  Supply Depot  
  151  11:16  Marine x4, Marauder x3  
  161  11:25  Viking x2  
  156  11:34  Marine x2  
  156  11:37  Marine  
  156  11:38  Marine, Marauder x3  
  156  11:39  Liberator x4  
  109  11:51  Marine  
  109  11:52  Marine  
  100  11:55  Marine x2  
  100  11:59  Marauder x2  
  100  12:00  Marauder  
  114  12:06  Terran Infantry Armor Level 2, Terran Infantry Weapons Level 2  
  108  12:09  Marine x2  
  108  12:13  Marine x2  
  111  12:17  Command Center  
  111  12:20  Marauder  
  113  12:34  Planetary Fortress  
  113  12:36  Refinery  
  113  12:38  Missile Turret  
  113  12:40  Bunker  
  113  12:42  Missile Turret  
  113  12:47  Refinery  
  113  12:49  Liberator x2  
  113  12:51  Missile Turret  
  113  12:53  Fusion Core  
  113  12:54  Terran Ship Weapons Level 1, Starport Tech Lab  
  113  13:07  Marine x4, Marauder x2  
  113  13:08  Marauder  
  129  13:14  Liberator  
  129  13:23  SCV x4  
  136  13:34  Orbital Command  
  136  13:35  SCV x2  
  136  13:40  Advanced Ballistics  
  138  13:43  Marine x4, Marauder x3  
  148  13:51  Barracks x2  
  148  13:54  Barracks  
  148  14:01  Marine  
  149  14:11  Marine x4, Marauder x2  
  149  14:16  Viking x3  
  155  14:40  Marine x4, Marauder x3  
  155  14:43  Barracks Tech Lab x2  
  163  14:46  Viking x3  
  163  14:47  Marine  
  165  14:59  Starport  
  165  15:01  Ghost x3  
  162  15:08  Missile Turret  
  162  15:09  Missile Turret  
  162  15:10  Missile Turret, Marine x3, Marauder x2  
  163  15:16  Viking x3  
  163  15:21  Marine x3  
  166  15:30  Marauder  
  166  15:33  Ghost  
  166  15:35  Ghost  
  171  15:45  Viking  
  125  16:06  Marine x5  
  112  16:21  Viking  
  112  16:22  Viking  
  103  16:27  Marine x8  
  103  16:28  Marine x3  
  114  16:37  Viking  
  114  16:38  Viking  
  118  16:45  Marine  
  119  16:51  Viking, Missile Turret x2  
  119  16:53  Missile Turret x2, Ghost x2  
  123  17:00  Ghost x3  
  129  17:25  Orbital Command  
  129  17:29  Starport Reactor  
  129  17:31  Viking  
  129  17:32  Viking x2  
  132  18:03  Viking x3  
  126  18:14  Viking x2  
  126  18:17  Ghost x2  
  126  18:18  Ghost, Marine x2  
  136  18:32  Viking  
  138  18:39  Sensor Tower  
  138  18:42  Sensor Tower  
  138  18:47  Orbital Command  
  127  19:16  Marine x5  
  127  19:17  Marine x6  
  63  19:34  Marine x5  
Tags
 
Add a new tag
Caveats
  • Supply blocks, unpowered buildings, or Contaminate may cause inaccurate times.
  • Supply counts are checked every 10 seconds.